 Dungeon Crawl Stone Soup version 0.30-b1-6-gad0e9d6a2d (webtiles) character file.

Game seed: 146784613218341725

5 H0rd4k the Charlatan (level 1, 0/15 HPs)
             Began as a Human Artificer on May 5, 2023.
             Slain by a kobold
             ... wielding a +0 whip
              (2 damage)
             ... on level 1 of the Dungeon.
             The game lasted 00:00:19 (114 turns).

H0rd4k the Charlatan (Human Artificer)               Turns: 114, Time: 00:00:19

Health: 0/15       AC:  3    Str: 12    XL:     1   Next: 88%
Magic:  1/1        EV: 11    Int: 11    God:
Gold:   26         SH:  0    Dex: 13    Spells: 0/0 levels left

rFire   . . .        a - +0 club
rCold   . . .        (no shield)
rNeg    . . .        b - +0 leather armour
rPois   .            (no helmet)
rElec   .            (no cloak)
rCorr   .            (no gloves)
SInv    .            (no boots)
Will    .....        (no amulet)
Stlth   +            (no ring)
HPRegen 0.22/turn    (no ring)
MPRegen 0.07/turn

%: no passive effects
@: no status effects
A: no striking features
a: no special abilities


You were on level 1 of the Dungeon.
You visited 1 branch of the dungeon, and saw 1 of its levels.

You collected 26 gold pieces.

Inventory:

Hand Weapons
 a - a +0 club (weapon)
Armour
 b - a +0 leather armour (worn)
Wands
 c - a wand of flame (15) (quivered)
 d - a wand of charming (14)
 e - a wand of iceblast (5)
Potions
 f - 2 potions of curing {unknown}
 g - a potion of heal wounds {unknown}


   Skills:
 + Level 1.0 Fighting
 - Level 2.0 Armour
 + Level 1.0 Dodging
 + Level 1.0 Stealth
 + Level 3.4 Evocations


You couldn't memorise any spells.
You didn't know any spells.
Your spell library was empty.

Dungeon Overview and Level Annotations

Branches:
Dungeon (1/15)

Altars:


Message History

The kobold attacks as you move away! The kobold hits you with a +0 whip.
The kobold throws a stone.
The stone hits you but does no damage. The hobgoblin attacks as you move away!
The hobgoblin barely misses you. The hobgoblin attacks as you move away!
The hobgoblin hits you.
The kobold throws a stone.
The stone barely misses you. The hobgoblin attacks as you move away!
The hobgoblin barely misses you.
A ball python comes into view.
The ball python hisses angrily.
A hobgoblin comes into view.
You hit the hobgoblin.
The hobgoblin is moderately wounded.
The hobgoblin closely misses you.
You hit the hobgoblin.
You kill the hobgoblin!
The ball python bites you but does no damage.
The ball python grabs you. The ball python constricts you.
You closely miss the ball python. The endoplasm freezes you.
You are frozen.
The ball python barely misses you. The ball python constricts you.
The endoplasm hits you.
You closely miss the ball python.
The ball python bites you but does no damage.
The ball python constricts you.
* * * LOW HITPOINT WARNING * * *
The endoplasm hits you but does no damage.
The ball python bites you.
* * * LOW HITPOINT WARNING * * *
The ball python constricts you.
* * * LOW HITPOINT WARNING * * *
Unknown command.
Aiming: Charm
Press: ? - help, Shift-Dir - straight line, f - endoplasm
Aim: an endoplasm (chance to affect: 73%)
The endoplasm is charmed.
The ball python closely misses you. The ball python constricts you.
* * * LOW HITPOINT WARNING * * *
The kobold throws a stone.
The stone hits your endoplasm.
You escape the ball python's grasp.
You swap places.
The kobold hits you with a +0 whip.
You die...

#.......#.##.............#.#.
+.........##..................
#.........##.............#..#.
#.........##..........#..# $..
#.........##..........##..# .
###...†#..##.......)..# ...#
#....#..##..........# .....
#####....#......K########
..... .........#...###@# ..w
.........#...# #J#
.........#...# #S#
#+#..#####.... .g. #..#
#.#####.#. #..# #. #.#.. #..#
## #.# .. .... #.# ... #.# ##+


You could see a hobgoblin, a ball python, a kobold and a friendly endoplasm
(charmed).

Vanquished Creatures
  An endoplasm (D:1)
  A giant cockroach (D:1)
  A hobgoblin (D:1)
  2 ball pythons (D:1)
5 creatures vanquished.

Notes
Turn   | Place    | Note
-------+----------+-------------------------------------------
     0 | D:1      | H0rd4k the Human Artificer began the quest for the Orb.
     0 | D:1      | Reached XP level 1. HP: 15/15 MP: 1/1
   114 | D:1      | Slain by a kobold

Illustrated notes

Levels and vault maps discovered:
D:1:      matt_arrival_refuge, layout_basic

Action                     || total
---------------------------++-------
  Melee: Club              ||    15
         Punch             ||     1
  Evoke: Wand              ||     1
 Armour: Leather armour    ||    12
  Dodge: Dodged            ||    14
